 Dungeon Sprint DCSS version 0.26.1-11-gd32895ea62 (webtiles) character file.

Game seed: 15952585584572359302

7600000 Groucho the Intangible (level 27, -38/174 HPs)
             Began as a Spriggan Abyssal Knight on July 1, 2021.
             Was the Champion of Makhleb.
             Annihilated by a sculptor of flesh
             ... wielding a +9 great sword
              (212 damage)
             ... in the Dungeon (Sprint VIII: "Arena of Blood").
             The game lasted 00:06:26 (76 turns).

Groucho the Intangible (Spriggan Abyssal Knight)      Turns: 76, Time: 00:06:27

Health: -38/174    AC:  4    Str:  8    XL:     27
Magic:  28/55      EV: 44    Int: 16    God:    Makhleb [******]
Gold:   0          SH:  0    Dex: 26    Spells: 80/80 levels left

rFire    . . .     SeeInvis +   i - +∞ Axe of Woe
rCold    . . .     Faith    .   (shield currently unavailable)
rNeg     . . .     Spirit   .   b - +0 robe
rPois    .         Reflect  .   (helmet restricted)
rElec    .         Harm     .   (no cloak)
rCorr    .         Rampage  .   (gloves unavailable)
Will     ++++.     NoTele   +   (boots unavailable)
Stlth    ++........             (no amulet)
HPRegen  0.39/turn              (no ring)
MPRegen  0.34/turn              (no ring)

@: slowed, quick
A: very small, unfitting armour, see invisible, speed 3
a: Renounce Religion, Minor Destruction, Lesser Servant of Makhleb, Major
Destruction, Greater Servant of Makhleb


You were in the Dungeon.
You worshipped Makhleb.
Makhleb was exalted by your worship.
You visited 1 branch

Inventory:

Hand Weapons
 a - a +1 hand axe
 i - the +∞ Axe of Woe (weapon)
   (You found it in the Dungeon)
Armour
 b - a +0 robe (worn)
Jewellery
 j - a +200 ring of slaying
 k - a +250 ring of slaying
 l - a +200 ring of slaying
Scrolls
 h - a scroll of blinking
Potions
 c - a potion of curing
 d - a potion of heal wounds
 e - a potion of haste
 f - 2 potions of magic
 g - a potion of berserk rage


   Skills:
 O Level 27 Fighting
 O Level 27 Short Blades
 O Level 27 Long Blades
 O Level 27 Axes
 O Level 27 Maces & Flails
 O Level 27 Polearms
 O Level 27 Staves
 O Level 27 Slings
 O Level 27 Bows
 O Level 27 Crossbows
 O Level 27 Throwing
 O Level 27 Armour
 O Level 27 Dodging
 O Level 27 Shields
 O Level 27 Unarmed Combat
 O Level 27 Spellcasting
 O Level 27 Hexes
 + Level 4.4 Summonings
 O Level 27 Necromancy
 O Level 27 Translocations
 O Level 27 Transmutations
 + Level 4.4 Fire Magic
 + Level 4.4 Ice Magic
 O Level 27 Air Magic
 O Level 27 Earth Magic
 O Level 27 Poison Magic
 O Level 27 Invocations
 O Level 27 Evocations


You had 80 spell levels left.
You didn't know any spells.
Your spell library was empty.

Dungeon Overview and Level Annotations

Branches:
Dungeon (1/1)

Altars:
Makhleb


Innate Abilities, Weirdness & Mutations

You are very small and have problems with some larger weapons.
You are too small for most types of armour.
You have supernaturally acute eyesight. (SInv)
You cover ground extremely quickly.


Message History

Your Earth Magic skill gained 2 levels and is now at level 26!
You slash the bag of meat! You chop the bag of meat into pieces.
You kill the bag of meat!
Makhleb accepts your kill.
You hear a shout! x14
You have mastered Air Magic!
You have mastered Earth Magic!
You need to enable at least one skill for training.
Your Summonings skill gained 4 levels and is now at level 4!
Your Fire Magic skill gained 4 levels and is now at level 4!
Your Ice Magic skill gained 4 levels and is now at level 4!
Unknown command.
Press < or > to pray at altars.
Unknown command.
Press < or > to pray at altars.
The wretched soul appears out of thin air!
A wretched soul comes into view.
You hear a shout! x22
The sculptor of flesh hits you with a +9 great sword!!!!!
Ouch! That really hurt!
You die...

#.. ...# . #..
...# . ..###..
...###..
......###......
......_...... .
#)))))# ...
#_)<)_# .
..W..#)))).#....
....W.)z@).......
......)###.......
..###.. ...###..
. #.X ...# . #O.
.V.#


o.O .O... .... .... O..M You could see a sculptor of flesh and 2 wretched souls.

Vanquished Creatures
  A hell beast (D)
  3 royal mummies (D)
  11 vampire knights (D)
  17 ogres (D)
  3 two-headed ogres (D)
  3 liches (D)
  23 orcs (D)
  4 skeletal warriors (D)
  2 small abominations (D)
  5 crawling corpses (D)
72 creatures vanquished.

Vanquished Creatures (others)
  5 crawling corpses (D)
5 creatures vanquished.

Grand Total: 77 creatures vanquished

Notes
Turn   | Place    | Note
-------+----------+-------------------------------------------
     0 | D        | Found the +∞ Axe of Woe
     0 | D        | Groucho the Spriggan Abyssal Knight began the quest for the
                  | Orb.
     0 | D        | Reached XP level 1. HP: 11/11 MP: 3/3
     2 | D        | Noticed a bag of meat
     3 | D        | Fell from the grace of Lugonu
     3 | D        | Became a worshipper of Makhleb the Destroyer
     5 | D        | Noticed a bag of meat
     7 | D        | Noticed a bag of meat
     8 | D        | Noticed a bag of meat
    10 | D        | Noticed a meat berserker
    11 | D        | Killed a bag of meat
    11 | D        | Noticed a bag of meat
    12 | D        | Reached XP level 2. HP: 16/16 MP: 4/4
    12 | D        | Reached XP level 3. HP: 19/19 MP: 5/5
    12 | D        | Reached XP level 4. HP: 23/23 MP: 6/6
    12 | D        | Reached XP level 5. HP: 27/27 MP: 7/7
    12 | D        | Reached XP level 6. HP: 32/32 MP: 8/8
    12 | D        | Reached XP level 7. HP: 35/35 MP: 9/9
    12 | D        | Reached XP level 8. HP: 39/39 MP: 10/10
    12 | D        | Reached XP level 9. HP: 43/43 MP: 11/11
    12 | D        | Reached XP level 10. HP: 47/47 MP: 12/12
    12 | D        | Reached XP level 11. HP: 51/51 MP: 13/13
    12 | D        | Killed a bag of meat
    12 | D        | Reached * piety under Makhleb
    13 | D        | Reached skill level 27 in Dodging
    13 | D        | Reached XP level 12. HP: 56/56 MP: 14/14
    14 | D        | Killed a bag of meat
    14 | D        | Killed a meat berserker
    15 | D        | Reached skill level 27 in Axes
    15 | D        | Reached XP level 13. HP: 61/61 MP: 14/16
    15 | D        | Reached XP level 14. HP: 65/65 MP: 14/17
    15 | D        | Killed a bag of meat
    15 | D        | Reached ** piety under Makhleb
    15 | D        | Noticed a meat berserker
    16 | D        | Reached XP level 15. HP: 78/78 MP: 14/23
    16 | D        | Noticed a meat berserker
    17 | D        | Killed a meat berserker
    18 | D        | Killed a meat berserker
    18 | D        | Reached *** piety under Makhleb
    18 | D        | Noticed a large bag of meat
    19 | D        | Reached skill level 15 in Armour
    19 | D        | Reached XP level 16. HP: 98/98 MP: 14/30
    19 | D        | Noticed a meat berserker
    19 | D        | Noticed a destroyer
    20 | D        | Killed a destroyer
    21 | D        | Reached XP level 17. HP: 108/108 MP: 14/33
    23 | D        | Killed a meat berserker
    24 | D        | Reached XP level 18. HP: 116/116 MP: 15/35
    26 | D        | Noticed a destroyer
    27 | D        | Killed a large bag of meat
    27 | D        | Reached **** piety under Makhleb
    28 | D        | Reached skill level 27 in Invocations
    28 | D        | Noticed a large bag of meat
    28 | D        | Noticed a destroyer
    30 | D        | Noticed a sculptor of flesh
    30 | D        | Killed a sculptor of flesh
    30 | D        | Reached ***** piety under Makhleb
    30 | D        | Noticed a meat berserker
    31 | D        | Reached XP level 19. HP: 128/128 MP: 16/37
    31 | D        | Noticed a large bag of meat
    32 | D        | Killed a destroyer
    33 | D        | Reached skill level 27 in Fighting
    33 | D        | Noticed a destroyer
    34 | D        | Killed a destroyer
    35 | D        | Reached skill level 27 in Armour
    35 | D        | Reached XP level 20. HP: 137/137 MP: 17/38
    36 | D        | Killed a large bag of meat
    36 | D        | Killed a destroyer
    36 | D        | Killed a meat berserker
    37 | D        | Reached skill level 27 in Unarmed Combat
    37 | D        | Reached skill level 27 in Short Blades
    37 | D        | Reached skill level 10 in Spellcasting
    37 | D        | Reached XP level 21. HP: 109/142 MP: 17/39
    40 | D        | Noticed a destroyer
    41 | D        | Killed a large bag of meat
    41 | D        | Reached ****** piety under Makhleb
    42 | D        | Noticed a destroyer
    45 | D        | Killed a destroyer
    46 | D        | Reached skill level 27 in Spellcasting
    46 | D        | Reached XP level 22. HP: 148/148 MP: 19/54
    47 | D        | Reached skill level 15 in Maces & Flails
    47 | D        | Reached skill level 15 in Polearms
    47 | D        | Reached skill level 15 in Staves
    47 | D        | Reached XP level 23. HP: 153/153 MP: 19/55
    49 | D        | Killed a destroyer
    50 | D        | Noticed a destroyer
    50 | D        | Noticed a destroyer
    50 | D        | Noticed a destroyer
    50 | D        | Noticed an accursed
    51 | D        | Noticed a tyrant
    51 | D        | Noticed an accursed
    51 | D        | Noticed a tyrant
    52 | D        | Killed a destroyer
    53 | D        | Killed a destroyer
    54 | D        | Reached XP level 24. HP: 158/158 MP: 21/55
    54 | D        | Noticed an accursed
    58 | D        | Reached XP level 25. HP: 149/163 MP: 22/55
    59 | D        | Noticed a destroyer
    59 | D        | Killed a destroyer
    60 | D        | Reached skill level 27 in Long Blades
    61 | D        | Reached skill level 27 in Maces & Flails
    61 | D        | Reached skill level 27 in Polearms
    61 | D        | Reached skill level 27 in Staves
    61 | D        | Reached skill level 10 in Hexes
    62 | D        | Reached XP level 26. HP: 145/169 MP: 23/55
    62 | D        | Killed an accursed
    62 | D        | Killed a destroyer
    62 | D        | Killed a tyrant
    63 | D        | Reached skill level 27 in Hexes
    63 | D        | Reached skill level 27 in Evocations
    63 | D        | Reached XP level 27. HP: 159/174 MP: 23/55
    63 | D        | Killed an accursed
    63 | D        | Noticed a destroyer
    64 | D        | Reached skill level 27 in Throwing
    64 | D        | Reached skill level 27 in Shields
    64 | D        | Reached skill level 5 in Slings
    64 | D        | Reached skill level 5 in Bows
    64 | D        | Noticed an accursed
    65 | D        | Reached skill level 10 in Poison Magic
    66 | D        | Reached skill level 15 in Slings
    66 | D        | Reached skill level 15 in Bows
    66 | D        | Killed an accursed
    66 | D        | Killed a tyrant
    66 | D        | Noticed a meat beast
    67 | D        | Noticed a tyrant
    68 | D        | Reached skill level 27 in Translocations
    68 | D        | Reached skill level 27 in Transmutations
    68 | D        | Killed a tyrant
    68 | D        | Killed a destroyer
    69 | D        | Reached skill level 27 in Slings
    69 | D        | Reached skill level 27 in Bows
    69 | D        | Reached skill level 27 in Poison Magic
    69 | D        | Killed a meat beast
    70 | D        | Reached skill level 27 in Crossbows
    70 | D        | Reached skill level 15 in Air Magic
    70 | D        | Reached skill level 15 in Earth Magic
    74 | D        | Reached skill level 27 in Necromancy
    76 | D        | Reached skill level 27 in Air Magic
    76 | D        | Reached skill level 27 in Earth Magic
    76 | D        | Annihilated by a sculptor of flesh

Illustrated notes

Levels and vault maps discovered:
D:        meatsprint

Skill      XL: |  1  2  3  4  5  6  7  8  9 10 11 12 13 14 15 16 17 18 19 20 21 22 23 24 25 26 27 |
---------------+----------------------------------------------------------------------------------+-----
Axes           | 16 20 27 | 27.0
Dodging        | 25 27 | 27.0
Fighting       | 3 8 17 19 21 25 27 | 27.0
Armour         | 2 7 15 18 20 23 27 | 27.0
Invocations    | 3 9 19 22 24 27 | 27.0
Unarmed Combat | 22 27 | 27.0
Short Blades   | 27 | 27.0
Spellcasting   | 10 27 | 27.0
Long Blades    | 14 16 22 25 27 | 27.0
Maces & Flails | 13 15 21 24 27 | 27.0
Polearms       | 13 15 21 24 27 | 27.0
Staves         | 13 15 21 24 27 | 27.0
Throwing       | 14 24 27 | 27.0
Shields        | 11 20 27 | 27.0
Hexes          | 17 27 | 27.0
Evocations     | 18 27 | 27.0
Slings         | 27 | 27.0
Bows           | 27 | 27.0
Translocations | 27 | 27.0
Transmutations | 27 | 27.0
Poison Magic   | 27 | 27.0
Crossbows      | 27 | 27.0
Necromancy     | 27 | 27.0
Air Magic      | 27 | 27.0
Earth Magic    | 27 | 27.0
Summonings     | 4 |  4.4
Fire Magic     | 4 |  4.4
Ice Magic      | 4 |  4.4

Action                   |  1- 3 |  4- 6 |  7- 9 | 10-12 | 13-15 | 16-18 | 19-21 | 22-24 | 25-27 || total
-------------------------+-------+-------+-------+-------+-------+-------+-------+-------+-------++-------
Melee: Broad axe         |     1 |       |       |     2 |     3 |     5 |     6 |     8 |    18 ||    43
 Stab: Distracted        |       |       |       |       |       |       |       |       |     1 ||     1
Dodge: Dodged            |       |       |       |       |     1 |     1 |       |       |     2 ||     4
